 Dungeon Crawl Stone Soup version 0.29.1-1-gd02db6906a (webtiles) character file.

Game seed: 9794888497035841574

2 fireball365 the Sneak (level 1, 0/19 HPs)
             Began as a Minotaur Delver on Oct 20, 2022.
             Killed from afar by a white imp (10 damage)
             ... with a puff of frost
             ... on level 5 of the Dungeon.
             The game lasted 00:00:13 (32 turns).

fireball365 the Sneak (Minotaur Delver)               Turns: 32, Time: 00:00:15

Health: 0/19       AC:  3    Str: 16    XL:     1   Next: 25%
Magic:  0/0        EV: 11    Int:  7    God:
Gold:   0          SH:  0    Dex: 11    Spells: 0/0 levels left

rFire   . . .      SeeInvis .   a - +0 hand axe
rCold   . . .      Faith    .   (no shield)
rNeg    . . .      Spirit   .   b - +0 leather armour
rPois   .          Reflect  .   (helmet restricted)
rElec   .          Harm     .   (no cloak)
rCorr   .          Rampage  .   (no gloves)
Will    .....                   (no boots)
Stlth   ++........              (no amulet)
HPRegen 0.06/turn               (no ring)
MPRegen 0.07/turn               (no ring)

@: lethally poisoned (0 -> -1)
A: horns 2, retaliatory headbutt
a: no special abilities


You were on level 5 of the Dungeon.
You visited 1 branch of the dungeon, and saw 1 of its levels.

Inventory:

Hand Weapons
 a - a +0 hand axe (weapon)
Armour
 b - a +0 leather armour (worn)
Wands
 g - a wand of digging (3)
Scrolls
 c - a scroll of fog
 d - a scroll of magic mapping
 e - a scroll of fear
Potions
 f - a potion of haste
 h - a potion of berserk rage {unknown}


   Skills:
 + Level 3.6 Fighting
 + Level 2.4 Axes
 + Level 2.2 Dodging
 + Level 4.1 Stealth


You couldn't memorise any spells.
You didn't know any spells.
Your spell library was empty.

Dungeon Overview and Level Annotations

Branches:
Dungeon (5/15)
 Temple: D:4-7

Altars:
Makhleb

Annotations:
D:5 Grinder


Innate Abilities, Weirdness & Mutations

You have a pair of horns on your head.
You reflexively headbutt those who attack you in melee.


Message History

Welcome, fireball365 the Minotaur Delver.
Will you prevail where others failed? Will you find the Orb of Zot?
Press ? for a list of commands and other information.
Found a coppery potion.
Found a stone staircase leading down.
h - a coppery potion 2 orcs come into view.
The orc moves out of view.
Grinder and an orc come into view.
Grinder is carrying a wand of quicksilver (4).
The orc is wielding a +0 short sword of venom.
The orc shouts!
Found 13 gold pieces.
The orc attacks as you move away! The orc completely misses you.
Found a stone staircase leading down.
You hit the orc.
The orc is severely wounded.
The orc barely misses you. You furiously retaliate!
You headbutt the orc.
You kill the orc!
Things that are here:
a +0 hand axe; an orc corpse An adder comes into view.
Found a whip.
Found a burning altar of Makhleb.
You see here 13 gold pieces.
The adder barely misses you.
A white imp comes into view.
Found a stone staircase leading up.
The white imp shouts, "Remove thy stench, thou infectious half-faced veal!"
The adder bites you.
You are poisoned.
The adder poisons you!
A phantom comes into view.
You hit the adder but do no damage. Your headbutt misses the adder.
You feel sick. The adder bites you. The adder barely misses you.
You hit the adder.
The adder is lightly wounded.
You feel sick. The adder bites you. The white imp gestures at you.
The puff of frost hits you!
Ouch! That really hurt!
You die...

.< #...........
...#.......W...
...#.......5...
.............#
.............#.
...#...........
.......>.._....
...#..S@....#
...#.......##
...........###
.......#..## ##.#
.....##..$# #..#
♣...##.#.####.##
.♣♣.......##....#
....#.##)###....#
#..............##


You could see a phantom, an adder and a white imp.

Vanquished Creatures
  An orc (D:5)
1 creature vanquished.

Notes
Turn   | Place    | Note
-------+----------+-------------------------------------------
     0 | D:5      | fireball365 the Minotaur Delver began the quest for the
                  | Orb.
     0 | D:5      | Reached XP level 1. HP: 19/19 MP: 0/0
     4 | D:5      | Noticed Grinder
    26 | D:5      | Found a burning altar of Makhleb.
    30 | D:5      | Noticed a phantom
    32 | D:5      | Killed from afar by a white imp

Illustrated notes

Levels and vault maps discovered:
D:5:      layout_rooms, bloody_makhleb, amcnicky_altar_gilded,
          chequers_mini_garden, uniq_grinder

Action                   || total
-------------------------++-------
Melee: Hand axe          ||     3
Dodge: Dodged            ||     4
